 Dungeon Crawl Stone Soup version 0.20.1-1-g8b1a95d (webtiles) character file.

186 McKennaii the Conjurer (level 5, -3/38 HPs)
             Began as a Draconian Conjurer on Aug 6, 2017.
             Killed by divine providence
             ... invoked by an orc priest
              (15 damage)
             ... on level 4 of the Dungeon.
             The game lasted 00:06:14 (3701 turns).

McKennaii the Conjurer (Draconian Conjurer)         Turns: 3701, Time: 00:06:15

Health: -3/38      AC:  7    Str:  9 (11) XL:     5   Next: 38%
Magic:  0/9        EV: 12    Int: 14 (16) God:
Gold:   125        SH:  0    Dex:  8 (11) Spells: 5/10 levels left

rFire    . . .     SeeInvis .     - Unarmed
rCold    . . .     Gourm    .   (no shield)
rNeg     . . .     Faith    .   (armour unavailable)
rPois    .         Spirit   .   (helmet restricted)
rElec    .         Reflect  .   (no cloak)
rCorr    .         Harm     .   o - +1 pair of gloves
MR       .....                  (no boots)
Stlth    ++........             (no amulet)
Regen    0.2/turn               (no ring)
MPRegen  0.2/turn               (no ring)

@: no status effects
A: unfitting armour, cold-blooded, AC +5
a: no special abilities


You were on level 4 of the Dungeon.
You were not hungry.

You visited 1 branch of the dungeon, and saw 4 of its levels.

You collected 125 gold pieces.

Inventory:

Armour
 o - a +1 pair of gloves (worn)
Scrolls
 d - a scroll of identify
 e - 3 scrolls of remove curse
 k - a scroll of enchant armour
 l - a scroll of fog
 m - a scroll of recharging
Books
 a - a book of Conjurations

   Spells                             Type                      Level
   a - Magic Dart                     Conjuration                  1
   b - Searing Ray                    Conjuration                  2
   c - Dazzling Spray                 Conjuration/Hexes            3
   d - Fulminant Prism                Conjuration/Hexes            4
   e - Force Lance                    Conjuration/Translocation    4
   f - Iskenderun's Mystic Blast      Conjuration                  4
Comestibles
 b - 3 bread rations
 c - a meat ration
 f - 3 fruits
 j - 2 royal jellies


   Skills:
 + Level 0.2 Fighting
 + Level 2.4 Dodging
 + Level 2.1 Stealth
 + Level 1.5 Unarmed Combat
 + Level 3.1 Spellcasting
 + Level 5.2 Conjurations


You had 5 spell levels left.
You knew the following spells:

 Your Spells              Type           Power        Failure   Level  Hunger
a - Magic Dart            Conj           ###.         2%          1    #......
b - Iskenderun's Mystic   Conj           ###.....     24%         4    #####..


Dungeon Overview and Level Annotations

Branches:
Dungeon (4/15)
 Temple: D:4-7

Altars:
Hepliaklqana
The Shining One


Innate Abilities, Weirdness & Mutations

Your plain brown scales are hard. (AC +5)
You cannot fit into any form of body armour.
You are cold-blooded and may be slowed by cold attacks.


Message History

Beogh smites you!
The jackal bites you but does no damage.
The orc hits you with a flail!
You can't go up here!
The jackal misses you.
The orc wizard looks encouraged for a moment.
The orc priest mumbles some strange prayers to Beogh against you.
Beogh smites you!
* * * LOW HITPOINT WARNING * * *
You climb downwards.
There is a stone staircase leading up here.
You feel better. The jackal closely misses you. The orc hits you with a flail.
The orc priest hits you with a club.
The jackal bites you but does no damage.
You closely miss the orc priest.
The orc priest is almost dead.
The orc hits you but does no damage. The jackal completely misses you.
The orc priest calls down the wrath of Beogh upon you.
Beogh smites you!
You die...

.#.# ...# ...##
...# ..# #.#
#.#
...#.##o#######
#.....h@o.....#
#.##.######...#
#. .# #


You could see an orc priest, an orc and a jackal.

Vanquished Creatures
  An orc wizard (D:3)
  Robin (D:2)
  5 adders
  An ooze (D:2)
  2 worms (D:3)
  A dart slug (D:3)
  2 leopard geckos (D:2)
  9 orcs (D:3)
  4 bats
  2 giant cockroaches
  12 hobgoblins
  A jackal (D:4)
  2 ball pythons
  4 frilled lizards
  13 goblins
  10 kobolds
  10 rats
80 creatures vanquished.

Vanquished Creatures (others)
  An adder (D:3)
  A jackal (D:3)
2 creatures vanquished.

Grand Total: 82 creatures vanquished

Notes
Turn   | Place    | Note
-------+----------+-------------------------------------------
     0 | D:1      | McKennaii the Draconian Conjurer began the quest for the Orb.
     0 | D:1      | Reached XP level 1. HP: 14/14 MP: 3/3
   284 | D:1      | Reached XP level 2. HP: 20/20 MP: 1/5
   979 | D:2      | Reached XP level 3. HP: 21/26 MP: 0/6
  1304 | D:2      | Found a hazy altar of Hepliaklqana.
  1559 | D:2      | Reached skill level 1 in Unarmed Combat
  1559 | D:2      | Reached skill level 5 in Conjurations
  1559 | D:2      | Reached XP level 4. HP: 33/33 MP: 2/7
  1680 | D:3      | Noticed Robin
  1967 | D:2      | Killed Robin
  2302 | D:2      | Learned a level 4 spell: Iskenderun's Mystic Blast
  2691 | D:3      | HP: 1/33 [orc wizard/magic dart (6)]
  2696 | D:3      | Reached XP level 5. HP: 13/38 MP: 0/9
  3287 | D:3      | Found a glowing golden altar of the Shining One.
  3436 | D:3      | HP: 1/38 [orc priest/divine providence (12)]
  3701 | D:4      | Killed from afar by an orc priest

Skill      XL: |  1  2  3  4  5 |
---------------+----------------+-----
Dodging        | 2 |  2.4
Unarmed Combat | 1 |  1.5
Conjurations   | 5 |  5.2
Stealth        | 2 |  2.1
Spellcasting   | 3 |  3.1
Fighting       | |  0.2

Action                   |  1- 3 |  4- 6 || total
-------------------------+-------+-------++-------
Melee: Unarmed           |    38 |    82 ||   120
       Tailslap          |     2 |     7 ||     9
 Cast: Magic Dart        |    68 |    98 ||   166
       Iskenderun's Myst |       |     2 ||     2
  Use: Potion            |       |     7 ||     7
       Scroll            |       |     4 ||     4
  Eat: Chunk             |     2 |     9 ||    11
Armor: Skin              |    12 |    31 ||    43
Dodge: Dodged            |    42 |    74 ||   116
